 Dungeon Crawl Stone Soup version 0.24-a0-736-g4e6fe308c7 (webtiles) character file.

Game seed: 4107394177135960013, levelgen mode: deterministic

7241 MalarOregon the Slicer (level 10, -14/69 HPs)
             Began as a Black Draconian Enchanter on Oct 2, 2019.
             Was an Elder of Okawaru.
             Demolished by Snorg (22 damage)
             ... on level 10 of the Dungeon.
             The game lasted 00:27:28 (14156 turns).

MalarOregon the Slicer (Black Draconian Enchanter) Turns: 14156, Time: 00:27:28

Health: -14/69     AC:  8    Str: 10    XL:     10   Next: 88%
Magic:  12/13      EV: 16    Int: 23    God:    Okawaru [****..]
Gold:   133        SH: 18    Dex: 13    Spells: 13/13 levels left

rFire    + . .     SeeInvis +   a - +0 scimitar (flame)
rCold    + . .     Gourm    .   P - +0 shield
rNeg     . . .     Faith    .   (armour unavailable)
rPois    .         Spirit   .   (helmet restricted)
rElec    +         Reflect  +   r - scarf {rC+ rF+}
rCorr    .         Harm     .   o - +0 pair of gloves
MR       .....                  (no boots)
Stlth    +++++.....             A - +5 amulet of reflection
HPRegen  0.21/turn              z - ring of see invisible
MPRegen  0.13/turn              w - +5 ring of intelligence

@: heroism, very slightly contaminated, invisible
A: breathe lightning, unfitting armour, electricity resistance, cold-blooded, AC
+7
a: Breathe Lightning, Heroism, Renounce Religion


You were on level 10 of the Dungeon.
You worshipped Okawaru.
Okawaru was greatly pleased with you.
You were not hungry.

You visited 2 branches of the dungeon, and saw 11 of its levels.
You also visited: Bailey.

You collected 723 gold pieces.
You spent 590 gold pieces at shops.

Inventory:

Hand Weapons
 a - a +0 scimitar of flaming (weapon)
   (You took it off Erica on level 9 of the Dungeon)
 b - a +1 dagger
Missiles
 f - 28 poisoned darts (quivered)
 m - a throwing net {!f}
Armour
 o - a +0 pair of gloves (worn)
   (You found it on level 2 of the Dungeon)
 r - a scarf of resistance (worn)
   (You found it on level 3 of the Dungeon)
 P - a +0 shield (worn)
   (You found it on level 1 of the Dungeon)
Jewellery
 q - an uncursed ring of ice
   (You found it on level 3 of the Dungeon)
 u - an uncursed ring of fire
   (You found it on level 4 of the Dungeon)
 w - a +5 ring of intelligence (right hand)
   (You found it on level 4 of the Dungeon)
 z - a ring of see invisible (left hand)
   (You found it on level 2 of the Dungeon)
 A - a +5 amulet of reflection (around neck)
   (You found it on level 4 of the Dungeon)
 G - a +5 ring of strength {unknown}
   (You found it on level 6 of the Dungeon)
 H - a cursed ring of protection from cold {unknown}
   (You found it on level 7 of the Dungeon)
 M - an uncursed ring of flight
   (You found it in a bailey)
 N - a +3 ring of protection {unknown}
   (You found it on level 7 of the Dungeon)
Wands
 c - a wand of disintegration (15)
   (You found it on level 7 of the Dungeon)
 d - a wand of iceblast (10)
   (You found it on level 6 of the Dungeon)
 t - a wand of flame (14)
   (You took it off a gnoll in a bailey)
 x - a wand of acid (6)
   (You found it on level 6 of the Dungeon)
Scrolls
 h - a scroll of vulnerability {!r}
 i - a scroll of fear
 k - 2 scrolls of blinking
 l - 8 scrolls of teleportation {@r4}
 s - 2 scrolls of noise {unknown}
 y - 3 scrolls of enchant weapon {unknown}
 B - 3 scrolls of random uselessness {unknown}
 C - 2 scrolls of immolation {unknown}
 D - 3 scrolls of magic mapping {unknown}
 E - 7 scrolls of amnesia
 I - 3 scrolls of enchant armour {unknown}
 L - 7 scrolls of remove curse {@r2}
 O - 2 scrolls of brand weapon {unknown}
Potions
 g - 2 potions of heal wounds {@q2}
 j - a potion of lignification {!q}
 n - 2 potions of cancellation
 F - 2 potions of ambrosia
Comestibles
 e - 14 rations {!d}
 p - 2 chunks of flesh


   Skills:
 - Level 10.0(15.1) Short Blades
 + Level 2.6(11.9) Long Blades
 - Level 6.0(11.0) Throwing
 - Level 1.7(6.7) Dodging
 - Level 6.0(11.0) Stealth
 + Level 10.0(15.0) Shields
 - Level 2.0 Spellcasting
   Level 2.6 Hexes


You had 13 spell levels left.
You didn't know any spells.
Your spell library contained the following spells:

 Spells                   Type           Power        Failure   Level  Hunger
 Corona                   Hex            ##.....      4%          1    #......
 Ensorcelled Hibernation  Hex/Ice        #.....       11%         2    ##.....
 Animate Skeleton         Necr           N/A          13%         1    #......
 Pain                     Necr           #...         13%         1    #......
 Confuse                  Hex            ##......     13%         3    ###....
 Tukima's Dance           Hex            ##......     13%         3    ###....
 Dazzling Spray           Conj/Hex       #.....       22%         3    ###....
 Regeneration             Chrm/Necr      #.........   36%         3    ###....
 Vampiric Draining        Necr           #.........   36%         3    ###....
 Animate Dead             Necr           N/A          77%         4    #####..


Dungeon Overview and Level Annotations

Branches:
Dungeon (9/15)             Temple (1/1) D:6          Bailey (visited)
   Lair: D:8-11         Orc: D:9-12

Altars:
Ashenzari
Cheibriados
Dithmenos
Elyvilon
Fedhas
Gozag
Hepliaklqana
Kikubaaqudgha
Makhleb
Nemelex Xobeh
Okawaru
Qazlal
Ru
Sif Muna
Trog
Uskayaw
Vehumet
Wu Jian
Xom
Yredelemnul
Zin
The Shining One

Shops:
D:6 **(%*

Annotations:
D:10 Snorg


Innate Abilities, Weirdness & Mutations

You can breathe wild blasts of lightning.
Your glossy black scales are hard. (AC +7)
You cannot fit into any form of body armour.
You are resistant to electric shocks. (rElec)
You are cold-blooded and may be slowed by cold attacks.


Message History

You slash the iguana! You burn the iguana. You tail-slap the iguana.
You kill the iguana!
Okawaru accepts your kill.
All of the chunks of flesh in your inventory have rotted away.
No target in view!
No target in view!
You butcher the iguana corpse.
p - 3 chunks of flesh You see here an iguana skeleton. x2
Eating one of 3 chunks of flesh.
You eat one of the 3 chunks of flesh.
You fall into a shaft and drop 1 floor!
The shaft crumbles and collapses.
Unknown command.
Snorg the Insatiable comes into view.
Okay, then.
Throwing (i - inventory. (/) - cycle)
f - 31 poisoned darts (quivered)
Aim: Snorg (resting)
You throw a poisoned dart. The poisoned dart hits Snorg.
Snorg is poisoned.
Snorg shouts!
Throwing (i - inventory. (/) - cycle)
f - 30 poisoned darts (quivered)
Aim: Snorg (lightly wounded, poisoned)
You throw a poisoned dart. The poisoned dart hits Snorg.
Snorg looks even sicker.
Throwing (i - inventory. (/) - cycle)
f - 29 poisoned darts (quivered)
Aim: Snorg (lightly wounded, poisoned)
You throw a poisoned dart. The poisoned dart hits Snorg!
Snorg looks as sick as possible!
You gain the combat prowess of a mighty hero.
Okay, then.
Okay, then.
You slash Snorg! You burn Snorg.
Snorg goes berserk!
You slash Snorg! You burn Snorg! Snorg bites you! You block Snorg's attack.
Snorg claws you but does no damage.
You slash Snorg! You burn Snorg. Snorg bites you! Snorg claws you!
* * * LOW HITPOINT WARNING * * *
You block Snorg's attack.
Okay, then.
Here: Snorg (heavily wounded, berserk, fast, unusually strong, poisoned)
The floor, spattered with blood.
You fade into invisibility!
You block Snorg's attack. x2; Snorg claws you!!
* * * LOW HITPOINT WARNING * * *
Snorg closely misses you. Snorg barely misses you. Snorg claws you.
* * * LOW HITPOINT WARNING * * *
You are very lightly contaminated with residual magic.
Unknown command.
Snorg bites you.
* * * LOW HITPOINT WARNING * * *
You block Snorg's attack. Snorg claws you!!
You die...

..## . ###.
..... ##...
...#. ## #
..(.###... ..#
#. .(.
.#..##...#
#..#.. .........
#..... #.......#
#.....###..#.##.
#....T@.......#
##########.####
#


You could see Snorg (berserk).

Vanquished Creatures
  Erica (D:9)
  An orc knight (Bailey)
  Psyche (D:9)
  The ghost of ViolentOr the Covert, a novice SpAs (D:6)
  A troll (D:6)
  Prince Ribbit (D:8)
  A wyvern (D:8)
  A hungry ghost (D:7)
  A water moccasin (D:7)
  2 ice beasts
  8 orc warriors
  6 sky beasts
  5 ogres
  2 phantoms
  3 centaurs
  Blork the orc (D:5)
  4 bullfrogs
  2 wyvern zombies
  3 scorpions
  12 killer bees
  3 wights (D:7)
  3 howler monkeys
  5 crimson imps
  A centaur zombie (D:6)
  2 hounds
  2 orc priests
  A jelly (D:2)
  A bullfrog skeleton (D:5)
  3 iguanas
  An orc wizard (D:5)
  5 worker ants
  A hound skeleton (D:6)
  6 gnolls
  A howler monkey skeleton (D:4)
  13 adders
  A river rat (D:6)
  3 shadow imps
  An ooze (D:4)
  3 adder skeletons
  2 adder zombies
  5 worms
  A dart slug (D:2)
  5 leopard geckos
  29 orcs
  5 giant cockroaches
  6 hobgoblins
  2 jackals (D:2)
  12 kobolds
  5 quokkas
  3 ball pythons
  10 bats
  4 frilled lizards
  9 goblins
  8 rats
219 creatures vanquished.

Vanquished Creatures (others)
  2 centaurs
  An orc priest (D:9)
  6 kobolds (Bailey)
  A plant (D:10)
10 creatures vanquished.

Grand Total: 229 creatures vanquished

Notes
Turn   | Place    | Note
-------+----------+-------------------------------------------
     0 | D:1      | MalarOregon the Draconian Enchanter began the quest for the
                  | Orb.
     0 | D:1      | Reached XP level 1. HP: 14/14 MP: 3/3
   366 | D:1      | Reached XP level 2. HP: 19/20 MP: 5/5
  1544 | D:2      | Reached XP level 3. HP: 18/26 MP: 6/6
  1651 | D:2      | Found a basalt altar of Yredelemnul.
  1678 | D:2      | Reached skill level 1 in Throwing
  1678 | D:2      | Reached skill level 1 in Shields
  1930 | D:2      | Reached XP level 4. HP: 33/33 MP: 7/7
  3365 | D:3      | Reached XP level 5. HP: 18/38 MP: 8/8
  3695 | D:4      | Got a dazzling spear
  3756 | D:4      | Identified the +9 spear "Vejeh" {antimagic, Str+6} (You
                  | found it on level 4 of the Dungeon)
  4323 | D:5      | Entered Level 5 of the Dungeon
  4331 | D:5      | Reached XP level 6. HP: 45/45 MP: 3/9
  4523 | D:5      | Noticed Blork the orc
  4533 | D:5      | Killed Blork the orc
  4582 | D:5      | Your scales start taking on a glossy black colour.
  4582 | D:5      | Reached XP level 7. HP: 9/50 MP: 3/10
  4582 | D:5      | Gained mutation: You are resistant to electric shocks.
                  | (rElec) [Black Draconian growth]
  4681 | D:5      | Reached skill level 5 in Short Blades
  5536 | D:6      | Reached skill level 5 in Stealth
  5536 | D:6      | Reached XP level 8. HP: 45/57 MP: 3/11
  5736 | D:6      | Found Idelag's General Store.
  5768 | D:6      | Bought a potion of curing for 42 gold pieces
  5768 | D:6      | Bought a potion of ambrosia for 112 gold pieces
  5768 | D:6      | Bought a potion of curing for 42 gold pieces
  5768 | D:6      | Bought a scroll of remove curse for 42 gold pieces
  5789 | D:6      | Found Odabre's General Store.
  5815 | D:6      | Found a staircase to the Ecumenical Temple.
  5850 | D:6      | Found Fiso Fac's Weapon Boutique.
  5893 | Temple   | Entered the Ecumenical Temple
  5999 | Temple   | Became a worshipper of Warmaster Okawaru
  6197 | D:6      | Found a runed translucent door.
  6200 | D:6      | Noticed ViolentOr's ghost (novice SpAs)
  6227 | D:6      | Found Fec Hel's Food Boutique.
  6265 | D:6      | Found Houvogys's Assorted Antiques.
  6272 | D:6      | Bought a scroll labeled KORURIAXAV for 22 gold pieces
  6272 | D:6      | Bought a scroll labeled IFEIGEVONG for 22 gold pieces
  6359 | D:6      | Found a shattered altar of Ashenzari.
  6444 | D:6      | Found a runed translucent door.
  6731 | D:6      | Reached * piety under Okawaru
  6749 | D:6      | Killed ViolentOr's ghost
  6749 | D:6      | Reached skill level 5 in Throwing
  6749 | D:6      | Reached XP level 9. HP: 42/62 MP: 4/12
  6768 | D:6      | Got a translucent trident
  6769 | D:6      | Identified the +8 trident "Hityu" {flame, Dex+4} (You found
                  | it on level 6 of the Dungeon)
  7004 | D:7      | Reached ** piety under Okawaru
  7232 | D:7      | Found a flagged portal.
  7252 | Bailey   | Entered a bailey
  7258 | Bailey   | Noticed an orc knight
  7416 | Bailey   | Reached skill level 10 in Short Blades
  7681 | Bailey   | Killed an orc knight
  7681 | Bailey   | Reached skill level 5 in Shields
  7710 | Bailey   | Reached XP level 10. HP: 21/69 MP: 11/13
  8350 | D:6      | Bought a scroll labeled GOACIL MILOBES for 22 gold pieces
  8350 | D:6      | Bought a scroll of teleportation for 66 gold pieces
  8350 | D:6      | Bought a scroll of remove curse for 66 gold pieces
  8350 | D:6      | Bought a scroll of remove curse for 66 gold pieces
  8350 | D:6      | Bought a wand of disintegration (11) for 88 gold pieces
  8587 | D:7      | Reached *** piety under Okawaru
  9754 | D:8      | Noticed Prince Ribbit
  9999 | D:8      | Killed Prince Ribbit
 12468 | D:9      | Noticed Erica
 12774 | D:9      | HP: 1/69 [Erica/bolt of poison (31)]
 13076 | D:9      | Killed Erica
 13076 | D:9      | Reached **** piety under Okawaru
 13409 | D:8      | Received a gift from Okawaru
 13424 | D:8      | Reached skill level 1 in Long Blades
 13925 | D:9      | Noticed Psyche
 13947 | D:9      | Killed Psyche
 13947 | D:9      | Reached skill level 10 in Shields
 14142 | D:9      | You fall into a shaft and drop 1 floor!
 14142 | D:10     | Entered Level 10 of the Dungeon
 14145 | D:10     | Noticed Snorg
 14156 | D:10     | Demolished by Snorg

Levels and vault maps discovered:
D:1:      mrwooster_arrival_statue_2, layout_loops_cross
D:2:      layout_basic, lemuel_crystal_altar
D:3:      layout_loops_corners
D:4:      layout_basic
D:5:      layout_loops_ring, first_ration, uniq_blork_the_orc
D:6:      minmay_thinvault, layout_basic, temple_pool_b, serial_shops, shop,
          shop, shop_fountains, nicolae_shop_crystal, shop,
          ebering_ghost_sewer_f, lemuel_altar_in_water
D:7:      layout_basic, enter_bailey_3
D:8:      layout_rooms, uniq_prince_ribbit1
D:9:      layout_cave_pools, minmay_orc_entry_temple_small,
          hangedman_pestilent_swarm, uniq_psyche, uniq_erica
D:10:     layout_loops_cross, david_lair_shrubbed, dk_rats_in_the_wall,
          uniq_snorg
Temple:   kilobyte_greek_temple

Skill      XL: |  1  2  3  4  5  6  7  8  9 10 |
---------------+-------------------------------+-----
Short Blades   | 2 3 4 6 8 10 | 10.0
Stealth        | 3 4 5 6 |  6.0
Throwing       | 1 2 3 5 6 |  6.0
Shields        | 1 2 3 4 5 10 | 10.0
Long Blades    | 2 |  2.6
Dodging        | |  1.7
Spellcasting   | |  2.0
Hexes          | |  2.6

Action                   |  1- 3 |  4- 6 |  7- 9 | 10-12 || total
-------------------------+-------+-------+-------+-------++-------
Melee: Dagger            |   131 |    84 |       |       ||   215
       Tailslap          |    11 |    14 |    31 |    29 ||    85
       Spear             |       |    60 |   209 |       ||   269
       Trident           |       |       |   138 |   181 ||   319
       Scimitar          |       |       |       |    92 ||    92
Throw: Dart              |    23 |    30 |     3 |    32 ||    88
Invok: Heroism           |       |       |     2 |    12 ||    14
 Abil: Evoke Flight      |       |       |     1 |     2 ||     3
       Breathe Lightning |       |       |     1 |     1 ||     2
Evoke: Wand              |       |       |       |     3 ||     3
  Use: Scroll            |       |     6 |       |     7 ||    13
       Potion            |       |       |       |     4 ||     4
 Stab: Sleeping          |     3 |     9 |    19 |     2 ||    33
       Distracted        |       |       |     1 |     1 ||     2
  Eat: Chunk             |     3 |     9 |    12 |    12 ||    36
       Ration            |       |       |       |     3 ||     3
Armor: Skin              |    50 |    27 |    54 |    79 ||   210
Dodge: Dodged            |    42 |    46 |    77 |   180 ||   345
Block: Shield            |    35 |    47 |   180 |   336 ||   598
       Reflection        |       |       |    22 |    17 ||    39
       Rpst.: Scimitar   |       |       |       |    24 ||    24

Table legend:
 A = Non-vault XP
 B = Vault XP
 C = Vault XP percentage of total XP
 D = Non-vault monster count
 E = Vault monster count
 F = Vault count percentage of total count
                 A         B        C        D         E       F
            +---------+---------+-------+---------+---------+-------
      Total |    6181 |    4164 |  40.3 |     175 |      52 |  22.9
            +---------+---------+-------+---------+---------+-------
        D:1 |      28 |       0 |   0.0 |      15 |       0 |   0.0
        D:2 |     108 |       0 |   0.0 |      25 |       0 |   0.0
        D:3 |      91 |       0 |   0.0 |      14 |       0 |   0.0
        D:4 |     144 |       0 |   0.0 |      10 |       0 |   0.0
        D:5 |     553 |      91 |  14.1 |      18 |       1 |   5.3
        D:6 |    1385 |    1095 |  44.2 |      24 |      17 |  41.5
        D:7 |    1793 |       8 |   0.4 |      25 |       4 |  13.8
        D:8 |    1365 |     277 |  16.9 |      31 |       1 |   3.1
        D:9 |     714 |    1357 |  65.5 |      13 |       2 |  13.3
     Bailey |       0 |    1336 | 100.0 |       0 |      27 | 100.0
            +---------+---------+-------+---------+---------+-------
